 Dungeon Sprint DCSS version 0.23.0-28-g6fe0f4d (webtiles) character file.

Game seed: 11010059720265585217

1219 Fang the Fighter (level 8, -3/58 HPs)
             Began as a Gargoyle Berserker on Feb 25, 2019.
             Was a High Priest of Trog.
             Slain by a merfolk
             ... wielding a +0 trident
              (16 damage)
             ... in the Dungeon (Sprint V: "Ziggurat Sprint").
             The game lasted 00:02:16 (436 turns).

Fang the Fighter (Gargoyle Berserker)                Turns: 436, Time: 00:02:17

Health: -3/58      AC: 10    Str: 38    XL:     8   Next: 47%
Magic:  0/4        EV:  8    Int:  9    God:    Trog [*****.]
Gold:   0          SH:  0    Dex:  9    Spells: 7/7 levels left

rFire    + . .     SeeInvis .   L - +4 war axe (antimagic)
rCold    . . .     Gourm    .   (no shield)
rNeg     + . .     Faith    .   A - +4 moon troll leather armour {Spirit, Regen++ MP+5}
rPois    ∞         Spirit   +   (no helmet)
rElec    +         Reflect  .   (no cloak)
rCorr    +         Harm     .   (no gloves)
MR       +....     NoTele   +   a - -6 pair of boots "Moast" {rPois rF+ rCorr Str+2} (curse)
Stlth    +.........             B - amulet "Paps" {MR+ Regen+ Int+2}
HPRegen  1.39/turn              D - +6 ring of strength
MPRegen  0.09/turn              E - +6 ring of strength

@: held, studying Slings
A: negative energy resistance 1, electricity resistance, unbreathing,
petrification resistance, rot immunity, AC +5
a: Berserk, Trog's Hand, Brothers in Arms, Renounce Religion


You were in the Dungeon.
You worshipped Trog.
Trog was extremely pleased with you.
You were not hungry.

You visited 1 branch

Inventory:

Hand Weapons
 k - a +5 executioner's axe
 F - the +8 Wrath of Trog {antimagic, *Rage}
   (You found it in the Dungeon)

   It reduces the magical energy of the wielder, and disrupts the spells and
   magical abilities of those hit.
   Natural abilities and divine invocations are not affected.
   It may make you go berserk in combat.
 L - a +4 antimagic war axe (weapon)
Armour
 a - the cursed -6 pair of boots "Moast" (worn) {rPois rF+ rCorr Str+2}
   (You found it in the Dungeon)

   It affects your strength (+2).
   It protects you from fire.
   It protects you from poison.
   It provides partial protection from all sources of acid and corrosion.
   It has a curse placed upon it.
 j - +5 gold dragon scales
 A - the +4 moon troll leather armour (worn) {Spirit, Regen++ MP+5}
   (You found it in the Dungeon)

   It affects your magic capacity (+5).
   It increases your rate of regeneration.
 I - the +1 leather armour "Jest" {rF+ SInv}
   (You found it in the Dungeon)

   It protects you from fire.
   It lets you see invisible.
 M - a +8 plate armour of ponderousness
Jewellery
 B - the amulet "Paps" (around neck) {MR+ Regen+ Int+2}
   (You found it in the Dungeon)

   [amulet of regeneration]

   It affects your intelligence (+2).
   It affects your resistance to hostile enchantments.
   It increases your rate of regeneration.
 D - a +6 ring of strength (left hand)
 E - a +6 ring of strength (right hand)
 G - an uncursed ring of magical power
 J - the ring "Riex" {Wiz Int+3}
   (You found it in the Dungeon)

   [ring of wizardry]

   It improves your spell success rate.
   It affects your intelligence (+3).
Wands
 w - a wand of disintegration (7)
 x - a wand of iceblast (7)
 y - a wand of acid (7)
Scrolls
 i - 4 scrolls of blinking
 l - 7 scrolls of fog
 m - a scroll of holy word
 n - 5 scrolls of identify
 o - 5 scrolls of remove curse
 p - 2 scrolls of fear
Potions
 d - 10 potions of curing
 e - 10 potions of heal wounds
 f - 6 potions of haste
 g - 7 potions of magic
 h - 3 potions of berserk rage
 q - 2 potions of brilliance
 r - 2 potions of invisibility
 s - 4 potions of resistance
 t - a potion of experience
 u - 6 potions of agility
 v - 5 potions of might
Books
 C - a manual of Slings
Miscellaneous
 b - a box of beasts
 z - a lamp of fire
 K - a sack of spiders
Comestibles
 c - 7 rations
 H - 6 chunks of flesh


   Skills:
 + Level 10.5 Fighting
 + Level 8.9 Axes
 + Level 10.2 Armour
 + Level 7.9 Dodging


You had 7 spell levels left.
You didn't know any spells.
Your spell library was empty.

Dungeon Overview and Level Annotations

Branches:
Dungeon (1/1)

Altars:
Ashenzari
Cheibriados
Dithmenos
Elyvilon
Fedhas
Gozag
Hepliaklqana
Kikubaaqudgha
Makhleb
Nemelex Xobeh
Okawaru
Qazlal
Ru
Sif Muna
Trog
Uskayaw
Vehumet
Wu Jian
Xom
Yredelemnul
Zin
The Shining One
Beogh
Jiyva
Lugonu

Annotations:
D 1 transporter


Innate Abilities, Weirdness & Mutations

You are resistant to torment.
Your stone body is resilient. (AC +5)
You are immune to poison.
You resist negative energy. (rN+)
You are resistant to electric shocks. (rElec)
You can survive without breathing.
You are immune to petrification.
You are immune to rotting.


Message History

The hippogriff bites you but does no damage.
The hippogriff pecks you. The hippogriff closely misses you.
You tear a large gash into the net.
The hippogriff bites you. The hippogriff completely misses you.
The hippogriff claws you but does no damage.
The merfolk barely misses you.
The merfolk hits you from afar with a +0 trident.
The merfolk hits you but does no damage.
The hippogriff bites you but does no damage.
The hippogriff pecks you but does no damage.
The hippogriff claws you but does no damage.
You struggle against the net.
The hippogriff bites you but does no damage.
The hippogriff pecks you but does no damage.
The hippogriff claws you.
The merfolk hits you with the +7 great mace of the Blessed Realm {crush, rN++}!
* * * LOW HITPOINT WARNING * * *
The cyclops hits you but does no damage.
The merfolk hits you from afar with a +0 trident!!
You die...

▓...©....▓...©....▓
▓▓▓▓▓▓▓▓▓▓▓▓▓▓▓▓▓▓▓
▓...8©8...▓..8©8..▓
▓..=||)...▓..[:)..▓
▓..."[|...▓..:....▓
▓.........▓.......▓
▓....mm...▓.......▓
▓...CHm...▓.......▓
▓...H@....▓.......▓
▓.........▓.▓...▓.▓
▓....©....▓...©...▓
▓▓▓▓▓▓▓▓▓▓▓▓▓▓▓▓▓▓▓
▓..8©8..▓ ▓..)}...▓
▓..|::..▓ ▓.......▓
▓...)...▓


You could see 3 merfolk, a cyclops and 2 hippogriffs.

Vanquished Creatures
  An ancient zyme (D)
  A tarantella (D)
  A hell hound (D)
  A necrophage (D)
  A centaur (D)
  A bullfrog (D)
  3 scorpions (D)
  3 wights (D)
  3 iron imps (D)
  4 iguanas (D)
  2 river rats (D)
  A white imp (D)
  An ufetubus (D)
  An adder zombie (D)
  2 adder skeletons (D)
  A bat skeleton (D)
  2 bat zombies (D)
  A jackal zombie (D)
  A quokka zombie (D)
31 creatures vanquished.

Notes
Turn   | Place    | Note
-------+----------+-------------------------------------------
     0 | D        | Found the +6 Majin-Bo {vamp, Archmagi MP+6 Int+6}
     0 | D        | Found the +7 great mace "Firestarter" {inner flame, rF++}
     0 | D        | Fang the Gargoyle Berserker began the quest for the Orb.
     0 | D        | Reached XP level 1. HP: 14/14 MP: 1/1
     7 | D        | Found a blossoming altar of Fedhas.
     8 | D        | Found a viscous altar of Jiyva.
     8 | D        | Found a hazy altar of Hepliaklqana.
     8 | D        | Found a transporter.
     8 | D        | Found an opulent altar of Gozag.
     8 | D        | Found an ancient bone altar of Kikubaaqudgha.
     8 | D        | Found a corrupted altar of Lugonu.
    12 | D        | Found a burning altar of Makhleb.
    13 | D        | Found a sacrificial altar of Ru.
    13 | D        | Found a stormy altar of Qazlal.
    13 | D        | Found a deep blue altar of Sif Muna.
    13 | D        | Found an iron altar of Okawaru.
    13 | D        | Found a bloodstained altar of Trog.
    13 | D        | Found a sparkling altar of Nemelex Xobeh.
    76 | D        | Entered arena 2.
    76 | D        | Noticed a bullfrog
    76 | D        | Found a transporter.
    79 | D        | Reached XP level 2. HP: 20/20 MP: 2/2
    85 | D        | Killed a bullfrog
    85 | D        | Reached skill level 5 in Fighting
    85 | D        | Reached XP level 3. HP: 26/26 MP: 3/3
    85 | D        | Reached XP level 4. HP: 31/31 MP: 4/4
   137 | D        | Entered arena 3.
   137 | D        | Noticed a hell hound
   137 | D        | Found a transporter.
   138 | D        | Found the +4 moon troll leather armour {Spirit, Regen++
                  | MP+5}
   138 | D        | Found the +10 large shield of Ignorance {rN+ Int-4}
   140 | D        | Reached ** piety under Trog
   144 | D        | Killed a hell hound
   144 | D        | Reached skill level 5 in Axes
   144 | D        | Reached XP level 5. HP: 37/37 MP: 5/5
   290 | D        | Entered arena 4.
   290 | D        | Noticed a necrophage
   290 | D        | Found a transporter.
   294 | D        | Reached *** piety under Trog
   295 | D        | Killed a necrophage
   295 | D        | Reached skill level 5 in Dodging
   295 | D        | Reached XP level 6. HP: 44/44 MP: 6/6
   302 | D        | Got the cursed -6 pair of boots "Moast" {rPois rF+ rCorr
                  | Str+2}
   309 | D        | Got the amulet "Paps" {MR+ Regen+ Int+2}
   315 | D        | Entered arena 5.
   315 | D        | Noticed a tarantella
   315 | D        | Found a transporter.
   316 | D        | Found the +8 Wrath of Trog {antimagic, *Rage}
   319 | D        | Reached **** piety under Trog
   321 | D        | Killed a tarantella
   321 | D        | Reached XP level 7. HP: 32/50 MP: 6/7
   344 | D        | Entered arena 6.
   344 | D        | Found a transporter.
   348 | D        | Reached ***** piety under Trog
   351 | D        | Received a gift from Trog
   359 | D        | Got the +1 leather armour "Jest" {rF+ SInv}
   366 | D        | Entered arena 7.
   366 | D        | Noticed an ancient zyme
   367 | D        | Found a transporter.
   372 | D        | Killed an ancient zyme
   372 | D        | Reached skill level 10 in Fighting
   372 | D        | Reached XP level 8. HP: 49/57 MP: 8/8
   381 | D        | Got the ring "Riex" {Wiz Int+3}
   390 | D        | Entered arena 8.
   391 | D        | Identified the cursed +1 triple sword of Extinguishment
                  | {slice, rC+ MR+ Dex-2}
   391 | D        | Found a transporter.
   392 | D        | Received a gift from Trog
   397 | D        | Reached skill level 10 in Armour
   429 | D        | Entered arena 9.
   429 | D        | Noticed a hippogriff
   429 | D        | Noticed a cyclops
   429 | D        | Noticed a merfolk
   429 | D        | Noticed a hippogriff
   429 | D        | Noticed a merfolk
   429 | D        | Noticed a merfolk
   430 | D        | Found the macabre finger necklace {rN+}
   430 | D        | Identified the +7 great mace of the Blessed Realm {crush,
                  | rN++}
   430 | D        | Found a transporter.
   436 | D        | Slain by a merfolk

Skill      XL: |  1  2  3  4  5  6  7  8 |
---------------+-------------------------+-----
Fighting       | 4 5 6 7 8 10 | 10.5
Axes           | 3 4 5 6 7 8 |  8.9
Armour         | 3 4 6 7 8 9 10 | 10.2
Dodging        | 2 3 4 5 6 7 |  7.9

Action                   |  1- 3 |  4- 6 |  7- 9 || total
-------------------------+-------+-------+-------++-------
Melee: Executioner's axe |     8 |    15 |    23 ||    46
       War axe           |       |       |     2 ||     2
Invok: Berserk           |     1 |     1 |       ||     2
Armor: Gold dragon scale |     9 |     7 |       ||    16
       Troll leather arm |       |    10 |    34 ||    44
Dodge: Dodged            |     2 |    22 |    49 ||    73
